 Dungeon Crawl Stone Soup version 0.18.1-48-g4cf74bf (webtiles) character file.

372 tyranidshit the Skirmisher (level 6, 0/62 HPs)
             Began as a Deep Dwarf Necromancer on July 22, 2016.
             Slain by a gnoll
             ... wielding a +0 halberd
              (7 damage)
             ... on level 4 of the Dungeon.
             The game lasted 00:07:41 (2669 turns).

tyranidshit the Skirmisher (Deep Dwarf Necromancer) Turns: 2669, Time: 00:07:41

Health: 0/62       AC: 10    Str: 13 (14) XL:     6   Next: 43%
Magic:  8/8        EV:  3    Int: 12 (15) God:
Gold:   213        SH:  0    Dex:  9 (13) Spells: 1 memorised, 7 levels left

rFire  . . .     SeeInvis +     i - +0 hand axe
rCold  . . .     Gourm    .     l - +0 plate armour
rNeg   . . .     Faith    .     (no shield)
rPois  .         Spirit   .     (no helmet)
rElec  .         Dismiss  .     (no cloak)
rCorr  .         Reflect  .     (no gloves)
SustAt .         Harm     .     (no boots)
MR     .....                    w - amulet of rage
Stlth  ..........               f - ring of stealth
                                o - ring of see invisible

@: non-regenerating, not resistant to hostile enchantments, extremely unstealthy
A: damage resistance, recharge devices, sense surroundings 1, slow regeneration
3
a: Device Recharging, Evoke Berserk Rage


You were on level 4 of the Dungeon.
You were not hungry.

You visited 1 branch of the dungeon, and saw 4 of its levels.

You collected 213 gold pieces.

Inventory:

Hand Weapons
 h - a +1 club
 i - a +0 hand axe (weapon)
Missiles
 g - 11 poisoned needles
Armour
 l - a +0 plate armour (worn)
Jewellery
 f - a ring of stealth (right hand)
 o - a ring of see invisible (left hand)
 w - an amulet of rage (around neck)
Wands
 c - a wand of heal wounds (1/9)
Scrolls
 a - 3 scrolls of remove curse
 e - 3 scrolls of enchant weapon
 m - 5 scrolls of identify
 p - a scroll of amnesia
 A - 2 scrolls of random uselessness
Potions
 k - a potion of lignification
 s - a potion of might
 t - a potion of curing
 z - a potion of cure mutation
Books
 b - a book of Necromancy

   Spells                             Type                      Level
   a - Pain                           Necromancy                   1
   b - Animate Skeleton               Necromancy                   1
   c - Vampiric Draining              Necromancy                   3
   d - Regeneration                   Charms/Necromancy            3
   e - Animate Dead                   Necromancy                   4
   f - Control Undead                 Necromancy                   4
Comestibles
 d - a slice of pizza
 j - 4 meat rations
 q - a royal jelly
 v - 10 fruits
 x - 2 bread rations


   Skills:
 + Level 5.9 Fighting
 - Level 2.1 Dodging
 - Level 2.4 Stealth
 - Level 1.7 Spellcasting
 - Level 4.3 Necromancy


You had 7 spell levels left.
You knew the following spells:

 Your Spells              Type           Power        Failure   Level  Hunger
a - Pain                  Necr           ##..         100%        1    ##.....


Dungeon Overview and Level Annotations

Branches:
Dungeon (4/15)
 Temple: D:4-7

Altars:
Nemelex Xobeh
Xom

Annotations:
D:4 Eustachio


Innate Abilities, Weirdness & Mutations

You are resistant to damage.
You can recharge devices by infusing magical energy.
You passively map a small area around you.
You do not regenerate naturally.


Message History

You hit the gnoll.
The gnoll is heavily wounded.
The gnoll hits you but does no damage.
You closely miss the gnoll.
The gnoll is heavily wounded.
The gnoll hits you with a halberd.
* * * LOW HITPOINT WARNING * * *
You hit the gnoll.
The gnoll is severely wounded.
The gnoll hits you but does no damage.
You closely miss the gnoll.
The gnoll is severely wounded.
The gnoll hits you with a halberd.
* * * LOW HITPOINT WARNING * * *
You hit the gnoll but do no damage.
The gnoll is severely wounded.
The gnoll hits you with a halberd.
* * * LOW HITPOINT WARNING * * *
The gnoll hits you with a halberd!
You die...

### * * #..
,, , , ,
#.#*
###########
#.#
#..........
#.#
#.#########
#.# #.#
#g#######.#
#.@)......#
#.#########
###


You could see a gnoll.

Vanquished Creatures
  A giant frog (D:4)
  A howler monkey (D:4)
  2 orc priests (D:3)
  2 hounds
  A worker ant (D:4)
  2 adders (D:3)
  2 gnolls (D:4)
  2 oozes
  A worm (D:2)
  3 dart slugs
  2 giant geckos (D:1)
  7 orcs (D:3)
  6 bats
  2 giant cockroaches
  7 hobgoblins
  2 jackals (D:1)
  3 quokkas
  8 giant newts
  7 goblins
  7 kobolds
  12 rats
  A fungus (D:3)
81 creatures vanquished.

Notes
Turn   | Place    | Note
--------------------------------------------------------------
     0 | D:1      | tyranidshit the Deep Dwarf Necromancer began the quest for the Orb.
     0 | D:1      | Reached XP level 1. HP: 15/15 MP: 3/3
   133 | D:1      | Reached skill level 1 in Fighting
   149 | D:1      | Reached XP level 2. HP: 15/25 MP: 4/4
   390 | D:1      | Reached skill level 2 in Fighting
   471 | D:1      | Reached XP level 3. HP: 18/33 MP: 5/5
  1324 | D:2      | Reached skill level 3 in Fighting
  1398 | D:2      | Found a faded altar to an unknown god.
  1579 | D:3      | Reached XP level 4. HP: 26/42 MP: 6/6
  1685 | D:3      | Reached skill level 4 in Fighting
  1775 | D:3      | Found a shimmering altar of Xom.
  1825 | D:3      | Reached XP level 5. HP: 17/51 MP: 7/7
  2015 | D:3      | Found a sparkling altar of Nemelex Xobeh.
  2352 | D:4      | Reached skill level 5 in Fighting
  2403 | D:4      | Reached XP level 6. HP: 23/61 MP: 8/8
  2437 | D:4      | Noticed Eustachio
  2669 | D:4      | Slain by a gnoll

Skill      XL: |  1  2  3  4  5 |
---------------+----------------+-----
Fighting       | 1 2 3 4 5 |  5.9
Dodging        | |  2.1
Stealth        | |  2.4
Spellcasting   | |  1.7
Necromancy     | |  4.3

Action                   |  1- 3 |  4- 6 || total
-------------------------+-------+-------++-------
Melee: Club              |    43 |       ||    43
       Hand axe          |   182 |   262 ||   444
 Cast: Pain              |     2 |       ||     2
Evoke: Wand              |     1 |     7 ||     8
  Use: Scroll            |     2 |     9 ||    11
       Potion            |     1 |     5 ||     6
 Stab: Sleeping          |     3 |       ||     3
  Eat: Bread ration      |     1 |       ||     1
       Beef jerky        |       |     1 ||     1
       Pizza             |       |     1 ||     1
Armor: Robe              |     3 |       ||     3
       Plate armour      |   216 |   320 ||   536
       Ring mail         |     1 |       ||     1
Dodge: Dodged            |    61 |    66 ||   127
